 Dungeon Crawl Stone Soup version 0.31.0-9-g3a7656b989 (webtiles) character file.

Game seed: 1437868465317225806

27 qw the Shooter (level 2, -1/14 HPs)
             Began as a Spriggan Hunter on Feb 2, 2024.
             Succumbed to their own poison gas
             ... on level 1 of the Dungeon.
             The game lasted 00:00:02 (630 turns).

qw the Shooter (Spriggan Hunter)                     Turns: 630, Time: 00:00:02

Health: -1/14      AC:  2    Str:  7    XL:     2   Next: 93%
Magic:  3/3        EV: 19    Int: 10    God:
Gold:   70         SH:  0    Dex: 18    Spells: 1/1 levels left

rFire   . . .        a - +0 shortbow
rCold   . . .        (shield currently unavailable)
rNeg    . . .        c - +0 robe
rPois   .            (helmet restricted)
rElec   .            (no cloak)
rCorr   .            (gloves unavailable)
SInv    +            (boots unavailable)
Will    .....        (no amulet)
Stlth   ++           (no ring)
HPRegen 0.22/turn    (no ring)
MPRegen 0.08/turn

%: no passive effects
@: lethally poisoned (-1 -> -18), very quick
A: very small, no large weapons, unfitting armour, see invisible, speed 3
a: no special abilities


You were on level 1 of the Dungeon.
You visited 1 branch of the dungeon, and saw 1 of its levels.

You collected 70 gold pieces.


Innate Abilities, Weirdness & Mutations

You are very small and have problems with some larger weapons.
You are too small for most types of armour.
You have supernaturally acute eyesight. (SInv)
You cover ground extremely quickly. (Speed+++)


   Skills:
 - Level 1.5 Fighting
 + Level 4.3 Ranged Weapons
 - Level 4.0 Dodging
 - Level 1.5 Stealth


You had one spell level left.
You didn't know any spells.
Your spell library was empty.

Inventory:

Hand Weapons
 a - a +0 shortbow (weapon)
Armour
 c - a +0 robe (worn)
Potions
 d - a potion of enlightenment
 e - a potion of cancellation

Dungeon Overview and Level Annotations

Branches:
Dungeon (1/15)

Altars:


Message History

You kill the endoplasm!
b - a scroll labelled FOTROL ITTOTZ
g - a scroll of identify Done exploring.
Done exploring.
623 ||| READING scroll of identify.
623 ||| IDENTIFYING ruby potion
As you read the scroll of identify, it crumbles to dust.
f - a potion of curing Done exploring.
624 ||| READING scroll labelled FOTROL ITTOTZ.
The air fills with toxic fumes!
As you read the scroll labelled FOTROL ITTOTZ, it crumbles to dust.
It was a scroll of poison.
Done exploring.
What level of the Dungeon? (default 1, ? - help) Sorry, I don't know how to get there.
Enter note:
Enter note:
Enter note:
Enter note:
Enter note:
Enter note:
Enter note:
Enter note:
Enter note: You are engulfed in poison gas.
You are lethally poisoned!
You feel very sick.
626 ||| Stepping ~*~*~tactically~*~*~ (cloud).
You feel sick.
627 ||| DRINKING potion of curing.
You feel better.
627 ||| (to cure poison)
You are engulfed in poison gas.
You are lethally poisoned!
You feel very sick.
629 ||| Stepping ~*~*~tactically~*~*~ (cloud).
You feel very sick.
There is a lethal amount of poison in your body!
You die...

...............# #.# #..
#######......##############'###..
....# #..#.#.##¤¤.#..........##..
###.# #......##0¤.#....%.....##..
#.# #..#.#.##¤¤.#..........##..
#.# #......##¤¤............##>.
#.###.#...###0¤.#.....#....##..
#.....#.....+¤¤###...###...##..
###############¤@¤#.....#....####
..........# #¤¤¤¤¤¤¤¤¤.....#
#########.# #¤¤¤¤#####.##### #.#
#¤¤¤¤¤###...## #.# #¤¤¤#¤¤#..#..#
#.# #¤¤###¤¤.###.# #.#
#¤0.#.¤¤¤.#..# #.# #¤#...#¤¤¤..##
#########.# #..........##


There were no monsters in sight!

Vanquished Creatures
  A dart slug (D:1)
  A ball python (D:1)
  A bat (D:1)
  3 endoplasms (D:1)
  A giant cockroach (D:1)
  5 goblins (D:1)
  2 hobgoblins (D:1)
  2 quokkas (D:1)
  2 frilled lizards (D:1)
  A kobold (D:1)
  2 rats (D:1)
21 creatures vanquished.

Notes
Turn   | Place    | Note
-------+----------+-------------------------------------------
     0 | D:1      | qw the Spriggan Hunter began the quest for the Orb.
     0 | D:1      | Reached XP level 1. HP: 10/10 MP: 2/2
     0 | D:1      | 0 ||| qw: Version: 0.3-a-155-g5e7d8dd
     0 | D:1      | 0 ||| qw: Game counter: 812
     0 | D:1      | 0 ||| qw: Melee chars always use a shield: true
     0 | D:1      | 0 ||| qw: God list: Okawaru
     0 | D:1      | 0 ||| qw: Allow faded altars: false
     0 | D:1      | 0 ||| qw: Do Orc after clearing Dungeon:15 true
     0 | D:1      | 0 ||| qw: Do second Lair branch before Depths: true
     0 | D:1      | 0 ||| qw: Lair rune preference: random
     0 | D:1      | 0 ||| qw: Goals: Normal
     0 | D:1      | 0 ||| PLANNING D:1-11
    78 | D:1      | Reached skill level 3 in Dodging
   194 | D:1      | Reached XP level 2. HP: 14/14 MP: 3/3
   430 | D:1      | 430 ||| DRINKING 2 black potions.
   432 | D:1      | 432 ||| DROPPING scroll of butterflies.
   596 | D:1      | 596 ||| READING scroll labelled UBLANY MUXZELIN.
   596 | D:1      | 596 ||| IDENTIFYING murky blue potion
   623 | D:1      | 623 ||| READING scroll of identify.
   623 | D:1      | 623 ||| IDENTIFYING ruby potion
   624 | D:1      | 624 ||| READING scroll labelled FOTROL ITTOTZ.
   626 | D:1      | 626 ||| Stepping ~*~*~tactically~*~*~ (cloud).
   627 | D:1      | 627 ||| DRINKING potion of curing.
   627 | D:1      | 627 ||| (to cure poison)
   629 | D:1      | 629 ||| Stepping ~*~*~tactically~*~*~ (cloud).
   629 | D:1      | HP: 3/14 [poisoned by you (poison gas)]
   630 | D:1      | Succumbed to their own poison gas

Levels and vault maps discovered:
D:1:      dpeg_arrival_line_fractal, layout_basic, serial_glass,
          glass_columns_a, glass_columns_a, minmay_strange_pillars

Skill      XL: |  1  2 |
---------------+-------+-----
Dodging        | 3 4 |  4.0
Fighting       | |  1.5
Ranged Weapons | |  4.3
Stealth        | |  1.5

Action                     || total
---------------------------++-------
   Fire: Shortbow          ||    43
    Use: Scroll            ||     3
         Potion            ||     2
  Dodge: Dodged            ||     5

Table legend:
 A = Non-vault XP
 B = Vault XP
 C = Vault XP percentage of total XP
 D = Non-vault monster count
 E = Vault monster count
 F = Vault count percentage of total count
                 A         B        C        D         E       F
            +---------+---------+-------+---------+---------+-------
      Total |      39 |       0 |   0.0 |      21 |       0 |   0.0
            +---------+---------+-------+---------+---------+-------
        D:1 |      39 |       0 |   0.0 |      21 |       0 |   0.0
            +---------+---------+-------+---------+---------+-------
